 Dungeon Crawl Stone Soup version 0.21.1-1-g345015f (webtiles) character file.

218 Fang the Skirmisher (level 5, 0/51 HPs)
             Began as a Gargoyle Berserker on June 22, 2018.
             Was a Believer of Trog.
             Slain by an ogre
             ... wielding a +0 giant spiked club
              (1 damage)
             ... on level 4 of the Dungeon.
             The game lasted 00:02:48 (2685 turns).

Fang the Skirmisher (Gargoyle Berserker)            Turns: 2685, Time: 00:02:49

Health: 0/51       AC:  6    Str: 27    XL:     5   Next: 95%
Magic:  0/5        EV: 13    Int:  7    God:    Trog [**....]
Gold:   153        SH:  0    Dex: 12    Spells: 4/4 levels left

rFire    . . .     SeeInvis .   a - +0 hand axe
rCold    . . .     Gourm    .   (no shield)
rNeg     + . .     Faith    .   b - +0 animal skin
rPois    ∞         Spirit   +   (no helmet)
rElec    +         Reflect  .   y - scarf {Spirit}
rCorr    .         Harm     .   (no gloves)
MR       .....                  (no boots)
Stlth    ..........             (no amulet)
HPRegen  0.17/turn              u - ring of flight
MPRegen  0.09/turn              k - +3 ring of dexterity (curse)

@: berserking, very quick
A: negative energy resistance 1, electricity resistance, unbreathing,
petrification resistance, rot immunity, AC +4
a: Berserk, Trog's Hand, Burn Spellbooks, Renounce Religion, Evoke Flight


You were on level 4 of the Dungeon.
You worshipped Trog.
Trog was pleased with you.
You were very hungry.

You visited 1 branch of the dungeon, and saw 4 of its levels.

You collected 153 gold pieces.

Inventory:

Hand Weapons
 a - a +0 hand axe (weapon)
Armour
 b - a +0 animal skin (worn)
 y - a scarf of spirit shield (worn)
Jewellery
 f - an uncursed ring of resist corrosion
 i - an uncursed ring of ice
 k - a cursed +3 ring of dexterity (right hand)
 o - an uncursed ring of protection from fire
 u - a ring of flight (left hand)
 x - an uncursed ring of see invisible {unknown}
Scrolls
 d - 3 scrolls of teleportation {unknown}
 j - a scroll of magic mapping {unknown}
 m - a scroll of fog {unknown}
 n - 2 scrolls of enchant weapon {unknown}
 p - 2 scrolls of identify {unknown}
 q - a scroll of remove curse {unknown}
 t - a scroll of blinking {unknown}
 w - a scroll of enchant armour {unknown}
Potions
 e - 2 potions of heal wounds {unknown}
 g - a potion of haste {unknown}
 h - a potion of mutation {unknown}
 l - 3 potions of degeneration {unknown}
 r - 3 potions of flight {unknown}
 s - a potion of lignification {unknown}
 v - 2 potions of curing {unknown}
 z - 2 potions of cancellation {unknown}
Books
 A - a book of Cantrips

   Spells                             Type                      Level
   a - Confusing Touch                Hexes                        1
   b - Animate Skeleton               Necromancy                   1
   c - Summon Small Mammal            Summoning                    1
   d - Apportation                    Translocation                1
   Trog disapproves of the use of such an item.
Comestibles
 c - 5 rations


   Skills:
 + Level 4.6 Fighting
 + Level 4.2 Axes
 + Level 2.4 Armour
 + Level 2.7 Dodging
 + Level 1.0 Stealth


You had 4 spell levels left.
You didn't know any spells.

Dungeon Overview and Level Annotations

Branches:
Dungeon (4/15)
 Temple: D:4-7

Altars:


Innate Abilities, Weirdness & Mutations

You are resistant to torment.
Your stone body is resilient. (AC +4)
You are immune to poison.
You resist negative energy. (rN+)
You are resistant to electric shocks. (rElec)
You can survive without breathing.
You are immune to petrification.
You are immune to rotting.


Message History

The howler monkey is almost dead.
You hit the ogre.
The howler monkey hoots and howls with incredible vigour!
The howler monkey closely misses you.
The ogre hits you with a giant spiked club!!
Ouch! That really hurt!
* * * LOW HITPOINT WARNING * * *
You hear a shout!
You hear an angry hiss.
A red film seems to cover your vision as you go berserk!
You feel yourself moving faster!
You feel mighty!
You are feeling very hungry.
The howler monkey barely misses you.
You hit the ogre.
The ogre is moderately wounded.
You slash the howler monkey!
You kill the howler monkey!
Trog accepts your kill.
Your Stealth skill increases to level 1!
The ogre hits you with a giant spiked club.
You die...

#...### #.....### ##
#.......## ...######
........#. ##......##
#......... .........#
#.........
.......).###.O......#
.......††..#>@†......
########.............
#...#....?...#
#...##.##....#
#....#.# ....#
#<.....# ...#
#......# .## #.....##
## #...#.#


You could see an ogre.

Vanquished Creatures
  A howler monkey (D:4)
  An orc priest (D:3)
  A hound (D:4)
  3 adders
  2 worms (D:2)
  A dart slug (D:1)
  4 leopard geckos
  6 orcs (D:3)
  6 bats
  4 giant cockroaches
  10 goblins
  11 hobgoblins
  2 jackals (D:1)
  A ball python (D:1)
  3 frilled lizards
  5 kobolds
  6 rats
67 creatures vanquished.

Notes
Turn   | Place    | Note
-------+----------+-------------------------------------------
     0 | D:1      | Fang the Gargoyle Berserker began the quest for the Orb.
     0 | D:1      | Reached XP level 1. HP: 14/14 MP: 1/1
    83 | D:1      | Reached XP level 2. HP: 8/19 MP: 2/2
   331 | D:1      | Reached XP level 3. HP: 10/24 MP: 3/3
   709 | D:1      | Reached ** piety under Trog
  1029 | D:2      | Reached XP level 4. HP: 25/29 MP: 4/4
  1792 | D:3      | Reached XP level 5. HP: 23/34 MP: 5/5
  2679 | D:4      | Noticed an ogre
  2683 | D:4      | HP: 1/34 [ogre/giant spiked club (19)]
  2685 | D:4      | Reached skill level 1 in Stealth
  2685 | D:4      | Slain by an ogre

Skill      XL: |  1  2  3  4  5 |
---------------+----------------+-----
Axes           | 3 4 |  4.2
Fighting       | 4 |  4.6
Dodging        | 2 |  2.7
Stealth        | 1 |  1.0
Armour         | |  2.4

Action                   |  1- 3 |  4- 6 || total
-------------------------+-------+-------++-------
Melee: Hand axe          |   152 |    96 ||   248
Invok: Berserk           |       |     3 ||     3
 Stab: Sleeping          |     1 |       ||     1
  Eat: Ration            |       |     1 ||     1
       Chunk             |       |     4 ||     4
Armor: Animal skin       |    55 |    35 ||    90
Dodge: Dodged            |   145 |    67 ||   212
